TOP OF THE 1ST |
Atlanta (MID) Braves batting - Pitching for West Virginia Power : LHP Ben Buerck
|
Pitching: LHP Ben Buerck
|
|
Batting: RHB Zheng-ze King
|
0-0: Ball 1-0: Called Strike 1-1: Ball 2-1: Foul Ball, location: 2F 2-2: Strikes out looking
|
Batting: RHB Badr al Din Ridha
|
0-0: Foul Ball, location: 2F 0-1: Ground out 4-3 (Groundball, 4, EV 90.6 MPH)
|
Batting: RHB Yojiro Hayashi
|
0-0: Ball 1-0: Ground out 5-3 (Groundball, 56, EV 93.1 MPH)
|
Top of the 1st over - 0 runs, 0 hits, 0 errors, 0 left on base; Atlanta (MID) 0 - West Virginia 0 |
BOTTOM OF THE 1ST |
West Virginia Power batting - Pitching for Atlanta (MID) Braves : LHP Kyle Foster
|
Pitching: LHP Kyle Foster
|
|
Batting: LHB Josh Aerni
|
0-0: Foul Ball, location: 2F 0-1: Foul Ball, location: 2F 0-2: Foul Ball, location: 2F 0-2: Foul Ball, location: 2F 0-2: Ground out 5-3 (Groundball, 56, EV 86.9 MPH)
|
Batting: RHB John DeVillier
|
0-0: Ground out 6-3 (Groundball, 6, EV 80.0 MPH)
|
Batting: RHB Jaime Dubicki
|
0-0: Called Strike 0-1: Foul Ball, location: 2F 0-2: Ball 1-2: Ball 2-2: Fly out, F7 (Flyball, 7, EV 96.2 MPH)
|
Bottom of the 1st over - 0 runs, 0 hits, 0 errors, 0 left on base; Atlanta (MID) 0 - West Virginia 0 |
TOP OF THE 2ND |
Atlanta (MID) Braves batting - Pitching for West Virginia Power : LHP Ben Buerck
|
Batting: SHB Jose Melendez
|
0-0: Ground out U3 (Groundball, 34S, EV 84.4 MPH)
|
Batting: RHB Nick Holsinger
|
0-0: Ball 1-0: Foul Ball, location: 2F 1-1: Reached on error, E6 (Groundball, 6, EV 84.4 MPH)
|
Batting: RHB David Zelaya
|
0-0: Swinging Strike 0-1: Ball Nick Holsinger is caught stealing 2nd base 2-4 1-1: Called Strike 1-2: Strikes out looking
|
Top of the 2nd over - 0 runs, 0 hits, 1 error, 0 left on base; Atlanta (MID) 0 - West Virginia 0 |
BOTTOM OF THE 2ND |
West Virginia Power batting - Pitching for Atlanta (MID) Braves : LHP Kyle Foster
|
Batting: LHB Gregg Kellerman
|
0-0: Ball 1-0: Ball 2-0: Ground out 5-3 (Groundball, 56, EV 83.8 MPH)
|
Batting: LHB Carlos Vega
|
0-0: Ball 1-0: Fly out, F8 (Flyball, 78M, EV 88.1 MPH)
|
Batting: LHB Tomohiro Yokoyama
|
0-0: Ball 1-0: Foul Ball, location: 2F 1-1: Called Strike 1-2: Strikes out swinging
|
Bottom of the 2nd over - 0 runs, 0 hits, 0 errors, 0 left on base; Atlanta (MID) 0 - West Virginia 0 |
TOP OF THE 3RD |
Atlanta (MID) Braves batting - Pitching for West Virginia Power : LHP Ben Buerck
|
Batting: RHB George Provance
|
0-0: Ball 1-0: DOUBLE (Line Drive, 89D, EV 108.8 MPH)
|
Batting: RHB Miguel Vazquez
|
0-0: Ball 1-0: Ball 2-0: Ball 3-0: Base on Balls
|
Batting: LHB Malik Boulay
|
0-0: Ball 1-0: Fly out, F6 (Popup, 6D, EV 53.1 MPH)
|
Batting: RHB Zheng-ze King
|
0-0: Called Strike 0-1: Ball 1-1: Ball George Provance is caught stealing 3rd base 2-5 2-1: Called Strike 2-2: Ball 3-2: Foul Ball, location: 2F 3-2: Strikes out swinging
|
Top of the 3rd over - 0 runs, 1 hit, 0 errors, 1 left on base; Atlanta (MID) 0 - West Virginia 0 |
BOTTOM OF THE 3RD |
West Virginia Power batting - Pitching for Atlanta (MID) Braves : LHP Kyle Foster
|
Batting: RHB Seung-mun Kim
|
0-0: Ball 1-0: Foul Ball, location: 2F 1-1: Ball 2-1: Foul Ball, location: 2F 2-2: Ball 3-2: Ground out 6-3 (Groundball, 6, EV 89.4 MPH)
|
Batting: RHB Brian Moore
|
0-0: Called Strike 0-1: Ball 1-1: Swinging Strike 1-2: Foul Ball, location: 2F 1-2: Strikes out swinging
|
Batting: LHB Donald Imre
|
0-0: Ball 1-0: Called Strike 1-1: Swinging Strike 1-2: Strikes out looking
|
Bottom of the 3rd over - 0 runs, 0 hits, 0 errors, 0 left on base; Atlanta (MID) 0 - West Virginia 0 |
TOP OF THE 4TH |
Atlanta (MID) Braves batting - Pitching for West Virginia Power : LHP Ben Buerck
|
Batting: RHB Badr al Din Ridha
|
0-0: Called Strike 0-1: Ball 1-1: Ball 2-1: Foul Ball, location: 2F 2-2: Ball 3-2: Strikes out swinging
|
Batting: RHB Yojiro Hayashi
|
0-0: Ball 1-0: Ball 2-0: Called Strike 2-1: Foul Ball, location: 2F 2-2: Strikes out swinging
|
Batting: SHB Jose Melendez
|
0-0: Ball 1-0: Ball 2-0: SINGLE (Groundball, 4MD, EV 94.4 MPH)
|
Batting: RHB Nick Holsinger
|
0-0: Called Strike 0-1: Ball Jose Melendez is caught stealing 2nd base 2-4
|
Top of the 4th over - 0 runs, 1 hit, 0 errors, 0 left on base; Atlanta (MID) 0 - West Virginia 0 |
BOTTOM OF THE 4TH |
West Virginia Power batting - Pitching for Atlanta (MID) Braves : LHP Kyle Foster
|
Batting: LHB Josh Aerni
|
0-0: Called Strike 0-1: Foul Ball, location: 2F 0-2: Foul Ball, location: 2F 0-2: Ball 1-2: SINGLE (Groundball, 34S, EV 66.2 MPH) (infield hit)
|
Batting: RHB John DeVillier
|
0-0: Ball 1-0: Ball 2-0: Called Strike 2-1: Swinging Strike 2-2: Foul Ball, location: 2F 2-2: Foul Ball, location: 2F 2-2: Strikes out looking
|
Batting: RHB Jaime Dubicki
|
0-0: Ball 1-0: Foul Ball, location: 2F 1-1: Ball 2-1: Called Strike 2-2: Ball 3-2: Foul Ball, location: 2F 3-2: Base on Balls Josh Aerni to second
|
Batting: LHB Gregg Kellerman
|
0-0: Ball 1-0: SINGLE (Line Drive, 34D, EV 103.8 MPH) Josh Aerni to third Jaime Dubicki to second
|
Batting: LHB Carlos Vega
|
0-0: Ball 1-0: Fly out, F8 (Flyball, 8RM, EV 93.1 MPH) Runner from 3rd tags up, SCORES, throw by CF
|
Batting: LHB Tomohiro Yokoyama
|
0-0: Called Strike 0-1: Ball 1-1: SINGLE (Line Drive, 7LS, EV 91.9 MPH) Jaime Dubicki to third Gregg Kellerman to second
|
Batting: RHB Seung-mun Kim
|
0-0: Called Strike 0-1: Ball 1-1: Foul Ball, location: 2F 1-2: Strikes out swinging
|
Bottom of the 4th over - 1 run, 3 hits, 0 errors, 3 left on base; Atlanta (MID) 0 - West Virginia 1 |
TOP OF THE 5TH |
Atlanta (MID) Braves batting - Pitching for West Virginia Power : LHP Ben Buerck
|
Batting: RHB Nick Holsinger
|
0-0: Called Strike 0-1: Swinging Strike 0-2: SINGLE (Groundball, 5D, EV 96.2 MPH)
|
Batting: RHB David Zelaya
|
0-0: Ball 1-0: Fly out, F4 (Popup, 4MD, EV 55.0 MPH)
|
Batting: RHB George Provance
|
0-0: Ball 1-0: SINGLE (Groundball, 4MD, EV 98.1 MPH) Nick Holsinger to second Throwing error, E8 Nick Holsinger scores George Provance to second
|
Batting: RHB Miguel Vazquez
|
0-0: Ball 1-0: Ball 2-0: Ball 3-0: Called Strike 3-1: Base on Balls
|
Batting: LHB Malik Boulay
|
0-0: Fly out, F9 (Flyball, 9D, EV 88.1 MPH) Runner from 2nd tags up, SAFE at 3rd, no throw by RF
|
Batting: RHB Zheng-ze King
|
0-0: Ball 1-0: Ball 2-0: Called Strike 2-1: Called Strike 2-2: Strikes out swinging
|
Top of the 5th over - 1 run, 2 hits, 1 error, 2 left on base; Atlanta (MID) 1 - West Virginia 1 |
BOTTOM OF THE 5TH |
West Virginia Power batting - Pitching for Atlanta (MID) Braves : LHP Kyle Foster
|
Batting: RHB Brian Moore
|
0-0: Foul Ball, location: 2F 0-1: Fly out, F8 (Flyball, 8RD, EV 83.1 MPH)
|
Batting: LHB Donald Imre
|
0-0: Foul Ball, location: 2F 0-1: Foul Ball, location: 2F 0-2: Strikes out swinging
|
Batting: LHB Josh Aerni
|
0-0: Ball 1-0: Called Strike 1-1: Ball 2-1: SINGLE (Groundball, 4MD, EV 80.6 MPH) (infield hit)
|
Batting: RHB John DeVillier
|
0-0: Ball 1-0: Called Strike 1-1: Called Strike 1-2: Foul Ball, location: 2F 1-2: 2-RUN HOME RUN (Line Drive, 7LD, EV 93.1 MPH), Distance : 357 ft
|
Batting: RHB Jaime Dubicki
|
0-0: Swinging Strike 0-1: Foul Ball, location: 2F 0-2: Strikes out swinging, 2-3 out at first.
|
Bottom of the 5th over - 2 runs, 2 hits, 0 errors, 0 left on base; Atlanta (MID) 1 - West Virginia 3 |
TOP OF THE 6TH |
Atlanta (MID) Braves batting - Pitching for West Virginia Power : LHP Ben Buerck
|
Batting: RHB Badr al Din Ridha
|
0-0: Ball 1-0: Foul Ball, location: 2F 1-1: Foul Ball, location: 2F 1-2: Strikes out swinging
|
Batting: RHB Yojiro Hayashi
|
0-0: Ball 1-0: Called Strike 1-1: Ball 2-1: Ball 3-1: SINGLE (Line Drive, 78M, EV 90.0 MPH)
|
Batting: SHB Jose Melendez
|
0-0: Called Strike Yojiro Hayashi is caught stealing 2nd base 2-4 0-1: Ball 1-1: Foul Ball, location: 2F 1-2: Foul Ball, location: 2F 1-2: Ball 2-2: Ball 3-2: Strikes out looking
|
Top of the 6th over - 0 runs, 1 hit, 0 errors, 0 left on base; Atlanta (MID) 1 - West Virginia 3 |
BOTTOM OF THE 6TH |
West Virginia Power batting - Pitching for Atlanta (MID) Braves : LHP Kyle Foster
|
Batting: LHB Gregg Kellerman
|
0-0: Ball 1-0: Swinging Strike 1-1: Called Strike 1-2: DOUBLE (Groundball, 3L, EV 100.6 MPH)
|
Batting: LHB Carlos Vega
|
0-0: Foul Ball, location: 2F 0-1: Ball 1-1: Ball 2-1: Fly out, F5 (Popup, 56, EV 59.4 MPH)
|
Batting: LHB Tomohiro Yokoyama
|
0-0: Called Strike 0-1: Foul Ball, location: 2F 0-2: Ball 1-2: DOUBLE (Line Drive, 7LM, EV 99.4 MPH) Gregg Kellerman scores
|
Batting: RHB Seung-mun Kim
|
0-0: Intentional Walk
|
Batting: RHB Brian Moore
|
0-0: Swinging Strike 0-1: Ball 1-1: Ball 2-1: Ball 3-1: Swinging Strike 3-2: Foul Ball, location: 2F 3-2: Ground out 4-3 (Groundball, 34D, EV 105.0 MPH) Tomohiro Yokoyama to third Seung-mun Kim to second
|
Batting: LHB Donald Imre
|
0-0: Called Strike 0-1: Ball 1-1: Swinging Strike 1-2: Foul Ball, location: 2F 1-2: Foul Ball, location: 2F 1-2: Ball 2-2: Ball 3-2: SINGLE (Line Drive, 8RS, EV 103.8 MPH) Tomohiro Yokoyama scores Seung-mun Kim to third
|
Pitching: RHP Mike Warren
|
|
Batting: LHB Josh Aerni
|
0-0: Called Strike 0-1: Ball 1-1: Ball 2-1: Called Strike 2-2: Strikes out swinging
|
Bottom of the 6th over - 2 runs, 3 hits, 0 errors, 2 left on base; Atlanta (MID) 1 - West Virginia 5 |
TOP OF THE 7TH |
Atlanta (MID) Braves batting - Pitching for West Virginia Power : LHP Ben Buerck
|
Batting: RHB Nick Holsinger
|
0-0: Ball 1-0: Reached on error, E6 (Groundball, 6, EV 99.4 MPH)
|
Batting: RHB David Zelaya
|
0-0: Sac Bunt to 2R - play at first, batter OUT! 2-3 Nick Holsinger to second
|
Pitching: LHP Ryouhei Hosaka
|
|
Batting: RHB George Provance
|
0-0: Ball Nick Holsinger is caught stealing 3rd base 2-5 1-0: Fly out, F9 (Flyball, 89S, EV 74.4 MPH)
|
Top of the 7th over - 0 runs, 0 hits, 1 error, 0 left on base; Atlanta (MID) 1 - West Virginia 5 |
BOTTOM OF THE 7TH |
West Virginia Power batting - Pitching for Atlanta (MID) Braves : RHP Mike Warren
|
Batting: RHB John DeVillier
|
0-0: Swinging Strike 0-1: Swinging Strike 0-2: Foul Ball, location: 2F 0-2: Strikes out looking
|
Batting: RHB Jaime Dubicki
|
0-0: Ball 1-0: Ball 2-0: Foul Ball, location: 2F 2-1: Fly out, F8 (Line Drive, 8RM, EV 110.0 MPH)
|
Batting: LHB Gregg Kellerman
|
0-0: Called Strike 0-1: Called Strike 0-2: Strikes out looking
|
Bottom of the 7th over - 0 runs, 0 hits, 0 errors, 0 left on base; Atlanta (MID) 1 - West Virginia 5 |
TOP OF THE 8TH |
Atlanta (MID) Braves batting - Pitching for West Virginia Power : LHP Ryouhei Hosaka
|
Batting: RHB Miguel Vazquez
|
0-0: Ball 1-0: Foul Ball, location: 2F 1-1: Ball 2-1: Foul Ball, location: 2F 2-2: Strikes out swinging
|
Pinch Hitting: RHB Gerard Michel
|
0-0: Ground out 6-3 (Groundball, 6, EV 88.8 MPH)
|
Batting: RHB Zheng-ze King
|
0-0: Ball 1-0: Ball 2-0: Ball 3-0: Called Strike 3-1: Called Strike 3-2: DOUBLE (Line Drive, 78D, EV 103.1 MPH)
|
Batting: RHB Badr al Din Ridha
|
0-0: Ball 1-0: Swinging Strike Balk! Zheng-ze King to third 1-1: Ball 2-1: Foul Ball, location: 2F 2-2: Strikes out swinging passed ball, reaches first! Zheng-ze King scores
|
Batting: RHB Yojiro Hayashi
|
0-0: Called Strike 0-1: Called Strike 0-2: Foul Ball, location: 2F 0-2: Strikes out swinging
|
Top of the 8th over - 1 run, 1 hit, 0 errors, 1 left on base; Atlanta (MID) 2 - West Virginia 5 |
BOTTOM OF THE 8TH |
West Virginia Power batting - Pitching for Atlanta (MID) Braves : RHP Mike Warren
|
Now at 3B: Gerard Michel
|
|
Batting: LHB Carlos Vega
|
0-0: Ground out 6-3 (Groundball, 6, EV 87.5 MPH)
|
Batting: LHB Tomohiro Yokoyama
|
0-0: Ball 1-0: Swinging Strike 1-1: SINGLE (Groundball, 25, EV 71.2 MPH) (infield hit)
|
Batting: RHB Seung-mun Kim
|
0-0: Called Strike 0-1: Swinging Strike 0-2: Ball 1-2: Strikes out swinging
|
Batting: RHB Brian Moore
|
0-0: Swinging Strike 0-1: Foul Ball, location: 2F 0-2: Foul Ball, location: 2F 0-2: Ball 1-2: Ball 2-2: Fielders Choice at 2nd, 6-4 (Groundball, 6, EV 78.8 MPH)
|
Bottom of the 8th over - 0 runs, 1 hit, 0 errors, 1 left on base; Atlanta (MID) 2 - West Virginia 5 |
TOP OF THE 9TH |
Atlanta (MID) Braves batting - Pitching for West Virginia Power : LHP Ryouhei Hosaka
|
Pitching: RHP Joe Simanton
|
|
Now in RF: Roberto Guzman
|
|
Batting: SHB Jose Melendez
|
0-0: Ball 1-0: Ball 2-0: Ball 3-0: Called Strike 3-1: Ground out 6-3 (Groundball, 6, EV 84.4 MPH)
|
Batting: RHB Nick Holsinger
|
0-0: Called Strike 0-1: Ball 1-1: Swinging Strike 1-2: Strikes out swinging
|
Batting: RHB David Zelaya
|
0-0: Ball 1-0: Called Strike 1-1: Foul Ball, location: 2F 1-2: Foul Ball, location: 2F 1-2: Strikes out swinging
|
Top of the 9th over - 0 runs, 0 hits, 0 errors, 0 left on base; Atlanta (MID) 2 - West Virginia 5 |
|